[Event "fics rated crazyhouse match"]
[Site "fics, Oklahoma City, OK USA"]
[Date "2000.03.06"]
[White "Eyefor"]
[WhiteElo "2356"]
[Black "Lomboc"]
[BlackElo "2112"]
[TimeControl "60+0"]
[Result "1-0"]

1. e4 e6 2. d4 d5 3. exd5 exd5 4. Bb5+ c6 5. Qe2+ Be7 6. Bf4 
P@c7 7. Bd3 Nf6 8. P@g5 Nfd7 9. Nc3 O-O 10. Bxc7 Qxc7 11. Qxe7 B@d6 
12. Qe2 Nb6 13. Bxh7+ Kxh7 14. Qh5+ B@h6 15. gxh6 gxh6 16. P@f6 P@g6 17. B@d3 
Re8+ 18. P@e3 Nc4 19. B@c1 Nd7 20. Nxd5 cxd5 21. Qxd5 Nxf6 22. Qxc4 Qxc4 
23. N@f8+ Bxf8 24. Bxc4 Q@b4+ 25. Q@c3 Qxc3+ 26. bxc3 P@d5 27. Bxd5 Nxd5 28. Q@f3 
B@e6 29. e4 N@h4 30. Qg3 Nxg2+ 31. Qxg2 N@f4 32. Bxf4 Nxf4 33. Qf3 P@g2 
34. N@g3 gxh1=Q 35. Nxh1 B@g2 36. N@f6+ Kh8 37. Qxf4 Bxh1 38. N@e3 
{Lomboc forfeits on time} 1-0

[Event "fics rated crazyhouse match"]
[Site "fics, Oklahoma City, OK USA"]
[Date "2000.03.06"]
[White "Lomboc"]
[WhiteElo "2109"]
[Black "Eyefor"]
[BlackElo "2360"]
[TimeControl "60+0"]
[Result "0-1"]

1. e4 e6 2. d4 d6 3. Nc3 Nf6 4. Nf3 Be7 5. Bg5 Nc6 6. Bd3 
Ng4 7. Bxe7 Qxe7 8. O-O B@f6 9. d5 Bxc3 10. bxc3 exd5 11. exd5 N@b2 
12. Qd2 Nxd3 13. cxd3 Nce5 14. B@d1 Nxf3+ 15. Bxf3 P@e3 16. fxe3 Nxe3 17. B@a4+ 
B@d7 18. P@c6 bxc6 19. dxc6 Bf5 20. P@d7+ Kf8 21. dxc8=Q+ Rxc8 22. B@d7 Nxf1 
23. Bxf5 Nxd2 24. N@d5 Q@e1+ 25. B@f1 P@f2+ 26. Kh1 R@g1# 
{Lomboc checkmated} 0-1

[Event "fics rated crazyhouse match"]
[Site "fics, Oklahoma City, OK USA"]
[Date "2000.03.06"]
[White "Eyefor"]
[WhiteElo "2364"]
[Black "Lomboc"]
[BlackElo "2106"]
[TimeControl "60+0"]
[Result "0-1"]

1. e4 d6 2. d4 Nf6 3. Nc3 Nbd7 4. Bc4 e5 5. Bxf7+ Kxf7 6. P@e6+ 
Kxe6 7. dxe5 Nxe5 8. P@g5 Ng8 9. f4 Nc6 10. e5 P@d4 11. exd6 Bxd6 
12. P@e5 P@e3 13. Bxe3 dxe3 14. P@d5+ Kf7 15. exd6 P@f2+ 16. Ke2 Qxd6 17. dxc6 
Qxd1+ 18. Rxd1 fxg1=N+ 19. Kxe3 N@f5+ 20. Kf2 Q@e3+ 21. Kf1 P@e2+ 22. Nxe2 Qxe2+ 
23. Kxg1 B@f2# 
{Eyefor checkmated} 0-1

[Event "fics rated crazyhouse match"]
[Site "fics, Oklahoma City, OK USA"]
[Date "2000.03.06"]
[White "Lomboc"]
[WhiteElo "2119"]
[Black "Eyefor"]
[BlackElo "2348"]
[TimeControl "60+0"]
[Result "1-0"]

1. e4 Nf6 2. e5 Nd5 3. d4 e6 4. Nf3 Bb4+ 5. Bd2 Nc6 6. Nc3 
Nxc3 7. bxc3 N@b2 8. Qc1 Ba3 9. Qb1 d5 10. N@b5 Qe7 11. Nxa3 Qxa3 
12. B@c5 Qa5 13. Qxb2 N@a4 14. Qc1 Nxc5 15. dxc5 Qxc5 16. N@h5 Qf8 17. Bb5 
P@e4 18. Nd4 Bd7 19. Bxc6 Bxc6 20. Nxc6 bxc6 21. B@b7 N@d7 22. Bxc6 Rd8 
23. Bxd7+ Kxd7 24. N@f6+ Kc8 25. P@d7+ Rxd7 26. Nxd7 Kxd7 27. N@f6+ gxf6 28. Nxf6+ 
Kc6 29. N@d4+ Kb7 30. Rb1+ P@b6 31. P@c6+ Ka8 32. Nd7 B@a3 33. Nxb6+ cxb6 
34. P@b7+ Kb8 35. R@c8+ Qxc8 36. bxc8=Q+ Kxc8 37. Q@b7+ Kd8 38. Qd7# 
{Eyefor checkmated} 1-0

[Event "fics rated crazyhouse match"]
[Site "fics, Oklahoma City, OK USA"]
[Date "2000.03.06"]
[White "Eyefor"]
[WhiteElo "2333"]
[Black "Lomboc"]
[BlackElo "2132"]
[TimeControl "60+0"]
[Result "1-0"]

1. e4 e6 2. d4 d5 3. exd5 exd5 4. Bb5+ Nc6 5. Qe2+ P@e6 6. Bxc6+ 
bxc6 7. N@e5 Bd7 8. P@b7 Rb8 9. Qa6 B@b6 10. Ngf3 Nf6 11. Nxf7 Kxf7 
12. Ng5+ Ke7 13. Qa3+ N@d6 14. P@e5 Bxd4 15. exd6+ cxd6 16. N@f7 Bxf2+ 17. Kxf2 
Qb6+ 18. B@e3 d4 19. Qxd6+ Ke8 20. Qxb8+ Ke7 21. P@d6# 
{Lomboc checkmated} 1-0

[Event "fics rated crazyhouse match"]
[Site "fics, Oklahoma City, OK USA"]
[Date "2000.03.06"]
[White "Lomboc"]
[WhiteElo "2128"]
[Black "Eyefor"]
[BlackElo "2338"]
[TimeControl "60+0"]
[Result "0-1"]

1. d4 e6 2. Nc3 d6 3. e4 Nf6 4. Nf3 d5 5. exd5 exd5 6. Bg5 
Bb4 7. P@e5 Bxc3+ 8. bxc3 P@b2 9. Rb1 N@e4 10. B@d2 Nxf2 11. Kxf2 Ne4+ 
12. Ke2 P@f6 13. Bge3 fxe5 14. dxe5 P@g4 15. Nd4 Nxd2 16. Kxd2 Qe7 17. Bf4 
B@g5 18. P@e3 Bxf4 19. exf4 B@h6 20. B@e3 Bxf4 21. Bxf4 P@b4 22. cxb4 Qxb4+ 
23. B@c3 Qe7 24. Rxb2 Nc6 25. P@d6 cxd6 26. exd6 P@e2 27. Bxe2 Nxd4 28. Bxd4 
N@e4+ 29. Kc1 Nxd6 30. Bxd6 Qxd6 31. P@c5 Qh6+ 32. P@d2 B@f4 33. P@e3 P@h3 
34. N@d6+ Bxd6 35. cxd6 Qxd6 36. B@c5 Qxc5 37. N@d6+ Qxd6 38. Bxg7 N@f2 39. N@f6+ 
Qxf6 40. Bxf6 N@d3+ 41. cxd3 N@b3+ 42. axb3 Nxd3+ 43. Bxd3 P@e7 44. Bxh8 hxg2 
45. Q@g8+ B@f8 46. Bg7 gxh1=Q 
{Lomboc forfeits on time} 0-1

[Event "fics rated crazyhouse match"]
[Site "fics, Oklahoma City, OK USA"]
[Date "2000.03.06"]
[White "Eyefor"]
[WhiteElo "2342"]
[Black "Lomboc"]
[BlackElo "2124"]
[TimeControl "60+0"]
[Result "1-0"]

1. e4 e6 2. d4 d5 3. exd5 exd5 4. Bb5+ c6 5. Qe2+ P@e6 6. Bd3 
Be7 7. P@e5 Bd7 8. Nf3 c5 9. dxc5 Bxc5 10. P@d6 Nc6 11. Nc3 P@e4 
12. Bxe4 dxe4 13. P@c7 Qc8 14. Nxe4 Bb6 15. P@b5 Na5 16. b4 B@c4 17. Qd2 
Bdxb5 18. bxa5 Bxa5 19. Qxa5 P@b6 20. Qd2 Qd7 21. N@b8 Qc8 22. d7+ Bxd7 
23. Nd6+ Kf8 24. Nxc8 Bxc8 25. Q@e8+ Kxe8 26. Qd8# 
{Lomboc checkmated} 1-0

[Event "fics rated crazyhouse match"]
[Site "fics, Oklahoma City, OK USA"]
[Date "2000.03.06"]
[White "Eyefor"]
[WhiteElo "2332"]
[Black "Lomboc"]
[BlackElo "2133"]
[TimeControl "60+0"]
[Result "1-0"]

1. e4 e5 2. Bc4 Nf6 3. Nf3 d6 4. Qe2 Qe7 5. Ng5 Be6 6. Bxe6 
fxe6 7. B@f7+ Kd8 8. Bxe6 B@e8 9. P@f7 Bc6 10. Bf5 Nbd7 11. Nc3 h6 
12. Ne6+ Kc8 13. Nxc7 Kxc7 14. Bxd7 Bxd7 15. N@d5+ Nxd5 16. Nxd5+ Kd8 17. P@c7+ 
Kc8 18. Nxe7+ Bxe7 19. N@g6 Kxc7 20. Nxe7 P@c6 21. B@g8 B@f6 22. Ng6 Rhxg8 
23. fxg8=Q Rxg8 24. R@e7 Bxe7 25. Nxe7 N@d4 26. Qc4 B@a6 27. B@a5+ P@b6 28. Nd5+ 
Kd8 29. Bxb6+ axb6 30. P@c7+ Ke8 31. Q@e7# 
{Lomboc checkmated} 1-0

[Event "fics rated crazyhouse match"]
[Site "fics, Oklahoma City, OK USA"]
[Date "2000.03.06"]
[White "Lomboc"]
[WhiteElo "2129"]
[Black "Eyefor"]
[BlackElo "2336"]
[TimeControl "60+0"]
[Result "0-1"]

1. e4 Nf6 2. Nc3 d5 3. exd5 Nxd5 4. Nxd5 Qxd5 5. d4 N@b4 6. Nf3 
Nxa2 7. P@c4 Qe4+ 8. Be2 Nb4 9. N@d3 e6 10. O-O N4c6 11. Nde5 Nxd4 
12. Qxd4 Qxe2 13. Nxf7 Kxf7 14. Ne5+ Ke7 15. N@g6+ hxg6 16. Nxg6+ Ke8 17. P@f7+ 
Kxf7 18. Nxh8+ Kg8 19. Qh4 B@h5 20. P@f7+ Bxf7 21. Nxf7 Qxc2 22. B@h5 P@g6 
23. R@h8+ Kxf7 24. Bxg6+ Qxg6 25. Qf4+ N@f6 26. Rxf8+ Kxf8 27. B@e5 N@h3# 
{Lomboc forfeits on time} 0-1

[Event "fics rated crazyhouse match"]
[Site "fics, Oklahoma City, OK USA"]
[Date "2000.03.06"]
[White "Eyefor"]
[WhiteElo "2340"]
[Black "Lomboc"]
[BlackElo "2125"]
[TimeControl "60+0"]
[Result "0-1"]

1. d4 e6 2. Nc3 d5 3. Nf3 Nf6 4. Bg5 Be7 5. Bxf6 Bxf6 6. N@d3 
B@g6 7. Nc5 Nd7 8. Nxd7 Bxd7 9. N@c5 O-O 10. Nxb7 Qb8 11. P@a6 Be7 
12. Ne5 Bc8 13. Nc6 Bxb7 14. Nxb8 Raxb8 15. axb7 Rxb7 16. Rb1 N@c4 17. B@c1 
N@b4 18. e4 Nd6 19. a3 Nxc2+ 20. Qxc2 P@b3 21. Qd2 N@c2+ 22. Kd1 Bxe4 
23. N@c6 Bf6 24. Q@d7 Nxd4 25. Nxe4 Nxe4 26. Nxd4 Nxd2 27. Kxd2 P@c2 28. Nxc2 
bxc2 29. Kxc2 P@b3+ 30. Kd2 Q@c2+ 31. Ke1 Qxb1 
{Eyefor forfeits on time} 0-1

[Event "fics rated crazyhouse match"]
[Site "fics, Oklahoma City, OK USA"]
[Date "2000.03.06"]
[White "Lomboc"]
[WhiteElo "2137"]
[Black "Eyefor"]
[BlackElo "2327"]
[TimeControl "60+0"]
[Result "1-0"]

1. e4 e6 2. Nc3 d6 3. d4 Nf6 4. Nf3 d5 5. Bg5 dxe4 6. Nxe4 
P@f5 7. Ng3 Bb4+ 8. c3 Be7 9. Be2 Ng4 10. Bxe7 Qxe7 11. O-O f4 
12. Ne4 B@f5 13. Nc5 Nc6 14. P@h3 Nf6 15. B@h4 e5 16. dxe5 Nxe5 17. Nxe5 
Qxe5 18. N@d3 Bxd3 19. Nxd3 Qb5 20. Nxf4 Qxb2 21. Bxf6 gxf6 22. Bb5+ Qxb5 
23. B@a4 Qxa4 24. Qxa4# 
{Eyefor forfeits on time} 1-0

[Event "fics rated crazyhouse match"]
[Site "fics, Oklahoma City, OK USA"]
[Date "2000.03.06"]
[White "Eyefor"]
[WhiteElo "2315"]
[Black "Lomboc"]
[BlackElo "2149"]
[TimeControl "60+0"]
[Result "1-0"]

1. e4 Nc6 2. d4 e5 3. dxe5 Nxe5 4. P@d4 Ng6 5. Nf3 d6 6. Bc4 
P@e6 7. Nc3 Be7 8. Be3 c6 9. Bd3 e5 10. dxe5 dxe5 11. P@f5 Nf4 
12. Bxf4 exf4 13. N@h5 B@h6 14. Bc4 P@d6 15. Bxf7+ Kxf7 16. Qd2 B@f6 17. Nxf6 
gxf6 18. B@e6+ Kf8 19. P@f7 Bxe6 20. fxe6 B@e5 21. fxg8=Q+ Rxg8 22. Nxe5 fxe5 
23. N@d7+ Kg7 24. Nxe5 dxe5 25. Qxd8 Raxd8 26. Q@f7+ Kh8 27. Qxe7 Q@d2+ 28. Kf1 
P@e2+ 29. Nxe2 f3 30. B@f6+ Bg7 31. gxf3 
{Lomboc forfeits on time} 1-0

[Event "fics rated crazyhouse match"]
[Site "fics, Oklahoma City, OK USA"]
[Date "2000.03.06"]
[White "Lomboc"]
[WhiteElo "2145"]
[Black "Eyefor"]
[BlackElo "2320"]
[TimeControl "60+0"]
[Result "0-1"]

1. e4 e6 2. Nc3 Nc6 3. d4 Bb4 4. Nf3 Nf6 5. Bd3 Bxc3+ 6. bxc3 
N@g4 7. O-O d5 8. exd5 Nxd5 9. Bd2 P@e3 10. fxe3 Ngxe3 11. Bxe3 Nxe3 
12. Qe2 B@f4 13. N@h3 Qf6 14. B@e5 Nxe5 15. dxe5 Bxe5 16. Nxe5 Qxe5 17. B@f4 
Qxc3 18. Bxe3 P@b2 19. Rab1 N@d4 20. Bxd4 Qxd4+ 21. P@e3 Qb6 22. N@h5 B@e5 
23. P@f6 gxf6 24. Nxf6+ Bxf6 25. Rxf6 P@g7 26. Rxf7 Kxf7 27. Ng5+ Kf8 28. Nxh7+ 
Rxh7 29. Bxh7 N@f6 30. R@h8+ Kf7 31. B@g8+ Nxg8 32. Bxg8+ Ke7 33. N@g6+ Kd6 
34. P@e5+ Kd7 35. N@f8+ Kc6 36. N@d4+ Qxd4 37. exd4 R@c1+ 38. Rxc1 bxc1=Q+ 39. R@f1 
Qe3+ 40. Qxe3 P@f2# 
{Lomboc forfeits on time} 0-1

[Event "fics rated crazyhouse match"]
[Site "fics, Oklahoma City, OK USA"]
[Date "2000.03.06"]
[White "Eyefor"]
[WhiteElo "2324"]
[Black "Lomboc"]
[BlackElo "2141"]
[TimeControl "60+0"]
[Result "1-0"]

1. e4 e6 2. d4 d5 3. exd5 exd5 4. Bb5+ Bd7 5. Qe2+ P@e6 6. Nf3 
Bxb5 7. Qxb5+ B@c6 8. Qe2 a6 9. P@e5 Ne7 10. Ng5 Nf5 11. B@h5 g6 
12. Nxf7 Kxf7 13. P@c3 gxh5 14. Qxh5+ B@g6 15. Qd1 Nh4 16. Rg1 Nd7 17. P@g3 
Nf5 18. g4 Nh4 19. Bd2 N@e4 20. Be3 Bg7 21. g3 Nf5 22. gxf5 exf5 
23. e6+ Kxe6 24. f3 Kf7 25. fxe4 dxe4 26. N@f4 P@e5 27. N@e6 Qe7 28. dxe5 
Nxe5 29. Bc5 P@d6 30. Bd4 Nf3+ 31. Qxf3 exf3 32. N@g5+ Ke8 33. P@d7+ Kxd7 
34. Nd2 Qxe6+ 35. Ngxe6 Q@e2+ 36. Nxe2 
{Lomboc forfeits on time} 1-0

[Event "fics rated crazyhouse match"]
[Site "fics, Oklahoma City, OK USA"]
[Date "2000.03.06"]
[White "Lomboc"]
[WhiteElo "2137"]
[Black "Eyefor"]
[BlackElo "2328"]
[TimeControl "60+0"]
[Result "1-0"]

1. e4 e6 2. Nc3 d6 3. d4 Nf6 4. Nf3 d5 5. Bg5 dxe4 6. Nxe4 
P@f5 7. Bxf6 gxf6 8. Nxf6+ Qxf6 9. P@e5 Qg7 10. N@f6+ Kd8 11. d5 exd5 
12. Qxd5+ B@d7 13. Nxd7 Bb4+ 14. P@c3 Nxd7 15. cxb4 N@f4 16. B@g5+ Qxg5 17. Nxg5 
Nxd5 18. Nxf7+ Ke8 19. B@g5 Q@e4+ 20. P@e3 Qxb4+ 21. P@d2 Qxb2 22. Rd1 Kxf7 
23. Bc4 B@e6 24. Bxd5 N@d3+ 25. cxd3 N@c2+ 26. Kf1 P@e2+ 27. Kxe2 P@f3+ 28. gxf3 
Nd4+ 29. exd4 Qxd4 30. Bxe6+ Kxe6 31. N@f4+ Qxf4 32. Bxf4 N@d4+ 33. Ke1 Nxf3+ 
34. Kf1 B@h3+ 35. P@g2 Bxg2+ 36. Kxg2 Ndxe5 37. Bxe5 Nxe5 38. N@f4+ Ke7 39. N@d5+ 
Kf8 40. Q@e7+ Kg8 41. Q@g7# 
{Eyefor checkmated} 1-0

[Event "fics rated crazyhouse match"]
[Site "fics, Oklahoma City, OK USA"]
[Date "2000.03.06"]
[White "Eyefor"]
[WhiteElo "2316"]
[Black "Lomboc"]
[BlackElo "2149"]
[TimeControl "60+0"]
[Result "1-0"]

1. d4 d5 2. Nc3 Nf6 3. Bf4 e6 4. a3 Bd6 5. Bxd6 cxd6 6. Nf3 
O-O 7. B@d3 B@e4 8. Ng5 Bg6 9. Bxg6 hxg6 10. h4 B@h5 11. a4 Nbd7 
12. Nb5 Nb6 13. B@c7 Qd7 14. Bxd6 Nc4 15. Bxf8 Kxf8 16. R@h8+ B@g8 17. P@h7 
Nxh7 18. Nxh7+ Ke7 19. Rxg8 P@d2+ 20. Qxd2 Nxd2 21. B@c5+ Q@d6 22. Bxd6+ Qxd6 
23. Q@e8# 
{Lomboc checkmated} 1-0

[Event "fics rated crazyhouse match"]
[Site "fics, Oklahoma City, OK USA"]
[Date "2000.03.06"]
[White "Lomboc"]
[WhiteElo "2145"]
[Black "Eyefor"]
[BlackElo "2320"]
[TimeControl "60+0"]
[Result "1-0"]

1. e4 e6 2. d3 Nf6 3. Nc3 Bb4 4. Nf3 Bxc3+ 5. bxc3 N@g4 6. B@g3 
d5 7. exd5 Nxd5 8. c4 Nc3 9. Qd2 P@d4 10. P@b2 Nxa2 11. Rxa2 P@e3 
12. fxe3 dxe3 13. Qe2 P@d2+ 14. Bxd2 exd2+ 15. Nxd2 B@f5 16. P@f3 Nxh2 17. Rxh2 
P@d4 18. N@h5 Rg8 19. P@f6 gxf6 20. N@g7+ Kf8 21. Nxf5 exf5 22. B@h6+ P@g7 
23. Nxg7 Rxg7 24. Bxg7+ Kxg7 25. P@h6+ Kg8 26. P@g7 N@g6 27. R@e8+ N@f8 28. Rxd8 
B@f2+ 29. Bxf2 Nc6 30. Rxf8+ Nxf8 31. Q@h8# 
{Eyefor checkmated} 1-0

[Event "fics rated crazyhouse match"]
[Site "fics, Oklahoma City, OK USA"]
[Date "2000.03.06"]
[White "Eyefor"]
[WhiteElo "2308"]
[Black "Lomboc"]
[BlackElo "2157"]
[TimeControl "60+0"]
[Result "1-0"]

1. e4 e5 2. Bc4 Nc6 3. Bxf7+ Kxf7 4. Nf3 Qe7 5. P@d5 Nb8 6. d4 
d6 7. dxe5 dxe5 8. Ng5+ Kf6 9. Qf3+ P@f5 10. exf5 Bxf5 11. P@f7 Nh6 
12. P@e4 B@g4 13. Qe3 P@f4 14. Qb3 Kxg5 15. exf5 Bxf5 16. Qxb7 Qb4+ 17. Qxb4 
Bxb4+ 18. P@c3 Bxc2 19. h4+ Kg6 20. B@h5+ Kf5 21. Q@e6+ Ke4 22. Nd2+ Kd3 
23. Be2# 
{Lomboc checkmated} 1-0

[Event "fics rated crazyhouse match"]
[Site "fics, Oklahoma City, OK USA"]
[Date "2000.03.06"]
[White "Lomboc"]
[WhiteElo "2152"]
[Black "Eyefor"]
[BlackElo "2313"]
[TimeControl "60+0"]
[Result "0-1"]

1. e4 Nf6 2. Nc3 d5 3. exd5 Nxd5 4. Nxd5 Qxd5 5. d4 N@b4 6. Nf3 
Nxa2 7. Bd3 Nxc1 8. Rxc1 P@h3 9. Rg1 hxg2 10. N@e3 Qa5+ 11. P@c3 P@g4 
12. Ne5 Qxe5 13. dxe5 N@f3+ 14. Ke2 Nxe5 15. Q@b5+ Nbc6 16. Be4 B@a6 17. Qxa6 
bxa6 18. Nxg4 Bxg4+ 19. P@f3 N@f4+ 20. Ke1 P@e2 21. Qxe2 Nxe2 22. P@d4 Nxg1 
23. B@c4 Ngxf3+ 24. Bxf3 Nxf3+ 25. Ke2 Q@d2# 
{Lomboc checkmated} 0-1

[Event "fics rated crazyhouse match"]
[Site "fics, Oklahoma City, OK USA"]
[Date "2000.03.06"]
[White "Eyefor"]
[WhiteElo "2318"]
[Black "Lomboc"]
[BlackElo "2147"]
[TimeControl "60+0"]
[Result "1-0"]

1. e4 e6 2. d4 d5 3. exd5 exd5 4. Bb5+ c6 5. Qe2+ Be7 6. Bf4 
P@c7 7. Bd3 Be6 8. P@f5 Bd7 9. Qe5 Na6 10. Bxa6 bxa6 11. N@h5 B@f6 
12. Nxg7+ Bxg7 13. Qxg7 Bf6 14. Qg3 N@h5 15. Qe3+ Qe7 16. Qxe7+ Nxe7 17. Bxc7 
Nxf5 18. Q@e2+ Q@e4 19. P@c3 O-O 20. Qxe4 dxe4 21. Q@g4+ Q@g6 22. Qxe4 Rfe8 
23. P@e5 P@d5 24. Qe2 Nf4 25. Qxa6 Nxg2+ 26. Kd2 Nf4 27. exf6 Qxf6 28. Bxf4 
P@g2 29. P@g5 Qe6 30. N@f6# 
{Lomboc forfeits on time} 1-0

[Event "fics rated crazyhouse match"]
[Site "fics, Oklahoma City, OK USA"]
[Date "2000.03.06"]
[White "Lomboc"]
[WhiteElo "2143"]
[Black "Eyefor"]
[BlackElo "2322"]
[TimeControl "60+0"]
[Result "1-0"]

1. e4 e6 2. Nc3 d6 3. d4 Nf6 4. Nf3 d5 5. exd5 exd5 6. Bb5+ 
P@c6 7. Be2 Ne4 8. O-O Nxc3 9. bxc3 N@e4 10. Bd2 Nxd2 11. Qxd2 Bf5 
12. Ne5 B@h6 13. f4 Ba3 14. P@g5 Bxg5 15. fxg5 P@g6 16. Nxf7 Kxf7 17. N@e5+ 
Ke8 18. N@f7 N@e4 19. Qe3 Qe7 20. Nxh8 Qf8 21. P@f7+ Kd8 22. R@e8+ Qxe8 
23. fxe8=Q+ Kxe8 24. B@f7+ Ke7 25. Q@e8+ Kd6 26. Rxf5 
{Eyefor forfeits on time} 1-0

[Event "fics rated crazyhouse match"]
[Site "fics, Oklahoma City, OK USA"]
[Date "2000.03.06"]
[White "Eyefor"]
[WhiteElo "2310"]
[Black "Lomboc"]
[BlackElo "2155"]
[TimeControl "60+0"]
[Result "1-0"]

1. e4 e5 2. Bc4 Nc6 3. Bxf7+ Kxf7 4. Nf3 Qe7 5. P@d5 d6 6. dxc6 
bxc6 7. N@b4 Bd7 8. Na6 B@b6 9. Nxc7 Bxc7 10. Nc3 P@f6 11. P@d5 N@f4 
12. g3 Ng2+ 13. Kf1 Bh3 14. Ng5+ fxg5 15. Qh5+ g6 16. Qxh3 N@f4 17. gxf4 
Nxf4 18. B@e6+ Kg7 19. Qf3 P@g2+ 20. Ke1 gxh1=Q+ 21. Qxh1 Nxe6 22. dxe6 Qxe6 
23. P@b7 Rb8 24. N@f3 Rxb7 25. Nxg5 Qf6 26. N@e8+ Kh6 27. Nxf6 B@f4 28. Nxg8+ 
Rxg8 29. N@f7+ Kg7 30. P@h6+ Kf6 31. Q@e6# 
{Lomboc checkmated} 1-0

[Event "fics rated crazyhouse match"]
[Site "fics, Oklahoma City, OK USA"]
[Date "2000.03.06"]
[White "Lomboc"]
[WhiteElo "2150"]
[Black "Eyefor"]
[BlackElo "2315"]
[TimeControl "60+0"]
[Result "0-1"]

1. e3 e5 2. d4 e4 3. Nc3 Bb4 4. Ne2 d5 5. Bd2 Nc6 6. Ng3 
Bxc3 7. Bxc3 N@g4 8. Be2 Nxf2 9. Kxf2 Qf6+ 10. Ke1 P@f2+ 11. Kd2 Qg5 
12. B@f4 Qe7 13. Qf1 g5 14. Be5 Nxe5 15. dxe5 B@g7 16. N@f5 Bxf5 17. Nxf5 
Qf8 18. Nxg7+ Qxg7 19. Qxf2 N@d7 20. B@f6 Ngxf6 21. exf6 Qg8 22. P@g7 N@a4 
23. gxh8=Q Qxh8 24. N@g7+ Kd8 25. B@e7+ Kc8 26. Nf5 Nxc3 27. bxc3 P@b2 28. Rab1 
B@c1+ 29. Rbxc1 bxc1=Q+ 30. Rxc1 B@b2 31. Rb1 Bxc3+ 32. Kxc3 P@e5 33. N@d6+ cxd6 
34. Nxd6+ Kc7 35. P@e6 Nc5 36. R@b5 R@c6 37. Rxb7+ Nxb7# 
{Lomboc forfeits on time} 0-1

[Event "fics rated crazyhouse match"]
[Site "fics, Oklahoma City, OK USA"]
[Date "2000.03.06"]
[White "Eyefor"]
[WhiteElo "2319"]
[Black "Lomboc"]
[BlackElo "2146"]
[TimeControl "60+0"]
[Result "1-0"]

1. e4 e6 2. d4 d5 3. exd5 exd5 4. Bb5+ c6 5. Qe2+ Be7 6. Bf4 
P@c7 7. Bd3 Nf6 8. P@g5 Nfd7 9. Nc3 O-O 10. Bxc7 Qxc7 11. Qxe7 B@d6 
12. Qe2 Nb6 13. Bxh7+ Kxh7 14. Qh5+ B@h6 15. gxh6 gxh6 16. P@f6 P@g6 17. B@d3 
Re8+ 18. P@e3 N8d7 19. B@g5 Bf8 20. Nxd5 cxd5 21. P@e7 Nxf6 22. exf8=N+ Kg8 
23. Qxh6 P@g7 24. Bxf6 
{Lomboc resigns} 1-0

[Event "fics rated crazyhouse match"]
[Site "fics, Oklahoma City, OK USA"]
[Date "2000.03.06"]
[White "Lomboc"]
[WhiteElo "2142"]
[Black "Eyefor"]
[BlackElo "2323"]
[TimeControl "60+0"]
[Result "0-1"]

1. e4 e6 2. d4 Nf6 3. e5 Nd5 4. Nc3 Bb4 5. Bd2 Bxc3 6. bxc3 
N@e4 7. B@b2 Nc6 8. Bd3 Nxf2 9. Kxf2 P@e3+ 10. Bxe3 Nxe3 11. Kxe3 Nxd4 
12. cxd4 B@g5+ 13. Ke2 Rb8 14. Nf3 P@g4 15. Ne1 h5 16. Kf1 Bf4 17. P@f2 
d6 18. N@e2 dxe5 19. dxe5 Bg5 20. P@f4 Be7 21. Bb5+ P@c6 22. Qxd8+ Kxd8 
23. Q@d3+ Ke8 24. Bc4 h4 25. N@g6 fxg6 26. Qxg6+ Kf8 27. Bxe6 N@d2+ 28. Kg1 
Q@f1# 
{Lomboc checkmated} 0-1

[Event "fics rated crazyhouse match"]
[Site "fics, Oklahoma City, OK USA"]
[Date "2000.03.06"]
[White "Eyefor"]
[WhiteElo "2327"]
[Black "Lomboc"]
[BlackElo "2138"]
[TimeControl "60+0"]
[Result "1-0"]

1. e4 e5 2. Bc4 Nc6 3. Bxf7+ Kxf7 4. Nf3 Qe7 5. P@d5 Nb8 6. d4 
d6 7. dxe5 dxe5 8. Ng5+ Kf6 9. P@e6 P@f4 10. Qh5 g6 11. Qh4 Kg7 
12. Bxf4 exf4 13. Qxf4 B@f6 14. Nf7 Nh6 15. Nxh6 B@g5 16. N@f5+ gxf5 17. Nxf5+ 
Kg6 18. P@h5+ Kxh5 19. P@g4+ Kg6 20. P@h5# 
{Lomboc checkmated} 1-0

[Event "fics rated crazyhouse match"]
[Site "fics, Oklahoma City, OK USA"]
[Date "2000.03.06"]
[White "Lomboc"]
[WhiteElo "2134"]
[Black "Eyefor"]
[BlackElo "2331"]
[TimeControl "60+0"]
[Result "0-1"]

1. e4 Nf6 2. Nc3 d5 3. exd5 Nxd5 4. Nxd5 Qxd5 5. d4 N@b4 6. N@c3 
Qxd4 7. P@d3 Bg4 8. Be2 P@f5 9. Nf3 Bxf3 10. Bxf3 Qe5+ 11. B@e2 N@d4 
12. O-O P@c6 13. Be3 Ndxc2 14. Rc1 Nxe3 15. fxe3 Qxe3+ 16. Kh1 P@d2 17. Ra1 
P@c2 18. N@c4 cxd1=Q 19. Nxe3 Qxf1+ 20. Rxf1 B@d7 21. Nc4 R@c2 22. Ne5 Rxc3 
23. bxc3 Nxa2 24. Nxf7 Kxf7 25. P@h5 P@h3 26. P@g6+ hxg6 27. hxg6+ Kxg6 28. Bh5+ 
Rxh5 
{Lomboc forfeits on time} 0-1

[Event "fics rated crazyhouse match"]
[Site "fics, Oklahoma City, OK USA"]
[Date "2000.03.06"]
[White "Eyefor"]
[WhiteElo "2335"]
[Black "Lomboc"]
[BlackElo "2130"]
[TimeControl "60+0"]
[Result "0-1"]

1. e4 e5 2. Bc4 Nc6 3. Bxf7+ Kxf7 4. Nf3 d6 5. P@d5 Nd4 6. Nxd4 
exd4 7. N@e6 Bxe6 8. dxe6+ Kxe6 9. B@d5+ Ke7 10. Bxb7 Rb8 11. Bd5 P@e6 
12. Bxe6 Kxe6 13. P@c6 Ke7 14. h4 N@e5 15. Na3 Nxc6 16. P@b5 Ne5 17. Qh5 
B@g6 18. Qxe5+ dxe5 19. N@c6+ Ke8 20. Nxd8 Rxd8 21. Q@e6+ Be7 22. Qxe5 B@d6 
23. Qxg7 Q@f7 24. Qxh8 P@g3 25. R@f3 gxf2+ 26. Rxf2 Bg3 27. O-O Bxf2+ 28. Rxf2 
Qxf2+ 29. Kxf2 N@g4+ 30. Ke2 R@f2+ 31. Kd1 P@e2+ 32. Ke1 R@f1# 
{Eyefor checkmated} 0-1

[Event "fics rated crazyhouse match"]
[Site "fics, Oklahoma City, OK USA"]
[Date "2000.03.06"]
[White "Lomboc"]
[WhiteElo "2142"]
[Black "Eyefor"]
[BlackElo "2323"]
[TimeControl "60+0"]
[Result "0-1"]

1. e4 Nf6 2. e5 Nd5 3. d4 e6 4. Nf3 Nc6 5. Nc3 Bb4 6. Bd2 
Bxc3 7. bxc3 N@a4 8. c4 Ndc3 9. Qc1 Nxe5 10. Bxc3 Nxf3+ 11. gxf3 Nxc3 
12. B@d3 B@a5 13. N@d2 Qh4 14. N@b3 P@e3 15. Ne4 Nxe4# 
{Lomboc resigns} 0-1

[Event "fics rated crazyhouse match"]
[Site "fics, Oklahoma City, OK USA"]
[Date "2000.03.06"]
[White "Eyefor"]
[WhiteElo "2327"]
[Black "Lomboc"]
[BlackElo "2138"]
[TimeControl "60+0"]
[Result "0-1"]

1. e4 e6 2. d4 d5 3. exd5 exd5 4. Bb5+ c6 5. Qe2+ Be7 6. Bf4 
P@c7 7. Bd3 Nd7 8. Nc3 Ndf6 9. P@g5 Nd7 10. Nf3 Kf8 11. a3 f6 
12. gxf6 gxf6 13. P@g7+ Kxg7 14. Bxc7 Qxc7 15. P@e6 Nf8 16. Bxh7 Rxh7 17. P@d7 
Nxd7 18. exd7 Bxd7 19. Nxd5 cxd5 20. N@c3 P@g6 21. Nxd5 Qd6 22. Nxe7 Qxe7 
23. Qxe7+ Nxe7 24. Q@b4 N@c6 25. Qxb7 Q@e4+ 26. P@e2 P@e3 27. fxe3 P@f2+ 28. Kxf2 
N@g4+ 29. Ke1 B@f2+ 30. Kf1 Nxe3+ 31. Kxf2 Qxf3+ 32. exf3 N3f5 33. Qxd7 B@e3+ 
34. Ke1 Ncxd4 35. B@e4 P@d2+ 36. Kf1 P@e2# 
{Eyefor checkmated} 0-1

[Event "fics rated crazyhouse match"]
[Site "fics, Oklahoma City, OK USA"]
[Date "2000.03.06"]
[White "Lomboc"]
[WhiteElo "2150"]
[Black "Eyefor"]
[BlackElo "2315"]
[TimeControl "60+0"]
[Result "1-0"]

1. e4 e6 2. d4 d5 3. e5 Nc6 4. Nf3 f6 5. Bb5 Bb4+ 6. Bd2 
Bxd2+ 7. Nbxd2 fxe5 8. Nxe5 Ne7 9. B@f7+ Kf8 10. Bxc6 Nxc6 11. Nxc6 bxc6 
12. N@e5 N@h4 13. Rg1 P@b7 14. Bh5 B@h6 15. N@f7 Bxd2+ 16. Qxd2 Qe8 17. Nxh8 
Nxg2+ 18. Rxg2 Qxh5 19. P@f7 Qxe5+ 20. dxe5 N@f3+ 21. Kd1 P@e2+ 22. Qxe2 N@e3+ 
23. Qxe3 B@e2+ 24. Qxe2 Bd7 25. Q@g8+ Ke7 26. B@f8+ Rxf8 27. Qxf8+ Kxf8 28. R@g8+ 
Ke7 29. f8=Q# 
{Eyefor checkmated} 1-0